 Dungeon Crawl Stone Soup version 0.19-a0-994-g3c636f0 (webtiles) character file.

21345 George the Carver (level 12, -2/110 HPs)
             Began as a Minotaur Fighter on July 16, 2016.
             Was the Champion of Okawaru.
             Killed from afar by 100P's ghost (33 damage)
             ... with a bolt of poison
             ... in an ice cave.
             The game lasted 00:26:44 (13772 turns).

George the Carver (Minotaur Fighter)               Turns: 13772, Time: 00:26:45

Health: -2/110     AC: 30    Str: 33 (34) XL:     12   Next: 53%
Magic:  12/19      EV:  9    Int:  5      God:    Okawaru [******]
Gold:   188        SH: 17    Dex: 13      Spells: 0 memorised, 11 levels left

rFire  . . .     SeeInvis +     P - +8 double sword (holy)
rCold  . . .     Gourm    .     M - +1 crystal plate armour
rNeg   . . .     Faith    .     c - +1 shield
rPois  .         Spirit   .     (helmet restricted)
rElec  .         Dismiss  .     D - +0 cloak
rCorr  .         Reflect  .     (no gloves)
SustAt .         Harm     +     R - +0 pair of boots
MR     .....     Rnd*Tele +     W - amulet of harm
Stlth  ..........               G - +6 ring of strength
                                x - ring of see invisible

@: mighty, lethally poisoned (-2 -> -15), heroism, finesse, not resistant to
hostile enchantments, extremely unstealthy
A: retaliatory headbutt, hooves 1, horns 2, slimy green scales 1, deterioration
1, high mp 1, teleportitis 1, MP-powered wands
a: Heroism, Finesse, Renounce Religion


You were in an ice cave.
You worshipped Okawaru.
Okawaru was exalted by your worship.
You were not hungry.

You visited 3 branches of the dungeon, and saw 15 of its levels.
You also visited: Ice Cave.

You collected 881 gold pieces.
You spent 693 gold pieces at shops.

Inventory:

Hand Weapons
 B - the +2 scimitar "Suggu" {slice, rF- rN+++ MR++ Str+2}
   (Okawaru gifted it to you on level 11 of the Dungeon)

   It inflicts extra damage upon your enemies.
   It affects your strength (+2).
   It makes you vulnerable to fire.
   It renders you almost immune to negative energy.
   It affects your resistance to hostile enchantments.
 J - a +0 rapier of electrocution
 P - a +8 double sword of holy wrath (weapon)
Armour
 c - a +1 shield (worn)
 D - a +0 cloak (worn)
 M - a +1 crystal plate armour (worn)
 R - a +0 pair of boots (worn)
Rods
 E - a +1 rod of ignition (12/12)
   (You found it on level 12 of the Dungeon)
Jewellery
 x - a ring of see invisible (left hand)
 G - a +6 ring of strength (right hand)
 W - an amulet of harm (around neck)
Wands
 L - a wand of digging (13/24)
 Q - a wand of confusion (22/48)
 T - a wand of flame (7/48)
 V - a wand of lightning (13/15)
Scrolls
 k - 4 scrolls of fog
 n - 3 scrolls of fear
 s - a scroll of enchant armour
 t - 2 scrolls of remove curse
 u - a scroll of amnesia {unknown}
 w - 3 scrolls of immolation
 y - 2 scrolls of blinking
 C - 2 scrolls of recharging
 Y - a scroll of teleportation
Potions
 d - a potion of might
 g - 3 potions of agility
 h - 3 potions of curing
 m - 3 potions of ambrosia
 r - 3 potions of heal wounds
 F - a potion of resistance
 H - 2 potions of cancellation
 K - a potion of flight
 O - a potion of beneficial mutation
 S - 2 potions of invisibility
 Z - 3 potions of haste
Miscellaneous
 X - a fan of gales
Comestibles
 f - 9 bread rations
 v - 7 meat rations
 z - 9 slices of pizza
 A - 19 fruits
 U - 3 beef jerkies


   Skills:
 + Level 11.2(16.2) Fighting
 + Level 13.0(18.0) Long Blades
 + Level 11.3(16.3) Armour
 + Level 11.3(16.3) Shields
 + Level 9.1 Invocations


You had 11 spell levels left.
You didn't know any spells.

Dungeon Overview and Level Annotations

Branches:
Dungeon (12/15)            Temple (1/1) D:5            Lair (2/6) D:11
 Spider (0/4) Lair:2          Orc (0/2) D:10
  Swamp: Lair:2-4    Shoals: Lair:2-4

Altars:
Ashenzari
Cheibriados
Dithmenos
Elyvilon
Fedhas
Gozag
Hepliaklqana
Kikubaaqudgha
Makhleb
Nemelex Xobeh
Okawaru
Pakellas
Qazlal
Ru
Sif Muna
Trog
Uskayaw
Vehumet
Xom
Yredelemnul
Zin
The Shining One

Shops:
D:11 =[*

Annotations:
D:9 2 runed doors IceCv 100P's ghost, journeyman DsCj


Innate Abilities, Weirdness & Mutations

You reflexively headbutt those who attack you in melee.
You have a pair of horns on your head.
You have large cloven feet.
You are partially covered in slimy green scales. (AC +2)
Your body sometimes deteriorates upon taking damage.
You have an increased reservoir of magic. (+10% MP)
You are occasionally teleported next to monsters.
You expend magic power (3 MP) to strengthen your wands.


Message History

You feel much better.
You block the white ugly thing's attack.
The ice beast completely misses you.
You riposte.
You closely miss the ice beast. 100P's ghost hits you but does no damage.
You gain the combat prowess of a mighty hero.
The white ugly thing misses you. You block the ice beast's attack. x2
You block 100P's ghost's attack.
You can now deal lightning-fast blows.
The white ugly thing gores you but does no damage.
You block the ice beast's attack.
The ice beast closely misses you. 100P's ghost casts a spell. 100P's ghost begins repelling missiles!
You feel very mighty all of a sudden.
The white ugly thing gores you but does no damage.
You block the ice beast's attack.
The ice beast barely misses you. 100P's ghost gestures at you while chanting.
The bolt of poison hits you!
You are poisoned.
You die...

####
####...##
##........
##.........
##Y.........
#@uY....8..?
#YW.......$.
#YY.∩....).?
#.........:.
#.......8..?
##..........
##.........
##........
####...##


You could see a white ugly thing, 5 ice beasts and 100P's ghost.

Vanquished Creatures
  Kirke (D:12)
  2 hydras (Lair:1)
  The ghost of removeelyvilon the Frost Mage, a journeyman DrIE of Sif Muna (Lair:1)
  A centaur warrior (D:12)
  The ghost of CypherZel the Basher, a journeyman GrFi of Trog (D:10)
  Urug (D:10)
  Sonja (D:12)
  A hill giant (D:11)
  4 ugly things
  An elephant (D:11)
  A gargoyle (D:12)
  A komodo dragon (Lair:1)
  A spiny frog (Lair:1)
  A rime drake (Lair:1)
  2 ice devils (Lair:2)
  A red devil (D:12)
  2 trolls
  A jumping spider (Lair:2)
  Prince Ribbit (D:8)
  Sigmund (D:2)
  2 shadows (D:12)
  14 yaks
  A human (D:9)
  3 hogs
  A hungry ghost (D:7)
  3 vampire mosquitoes (D:12)
  A hippogriff (D:11)
  Menkaure (D:5)
  A steam dragon (D:10)
  A soldier ant (D:12)
  Edmund (D:5)
  5 ice beasts
  Duvessa (D:6)
  2 water moccasins
  A porcupine (Lair:2)
  3 sky beasts
  An orc warrior (D:10)
  A phantom (D:8)
  2 necrophages (D:11)
  6 ogres
  2 centaurs
  7 crocodiles
  A big kobold (D:11)
  16 giant frogs
  A gnoll sergeant (D:8)
  Dowan (D:6)
  A water moccasin zombie (D:5)
  3 scorpions
  13 killer bees
  5 wights (D:10)
  5 crimson imps
  A giant frog zombie (D:12)
  A hound (D:11)
  3 jellies
  2 centaur skeletons
  3 giant frog skeletons
  4 orc priests
  8 orc wizards
  Natasha (D:2)
  3 iguanas
  2 worker ants (D:6)
  Terence (D:2)
  A killer bee zombie (D:8)
  8 sheep
  A hound zombie (D:11)
  3 hound skeletons
  A worker ant zombie (D:9)
  7 gnolls
  12 adders
  An adder skeleton (D:4)
  3 dart slugs
  6 worms
  7 giant geckos
  22 orcs
  6 bats
  3 giant cockroaches
  7 goblins
  12 hobgoblins
  7 jackals
  3 quokkas
  A ball python skeleton (D:3)
  A giant gecko zombie (D:6)
  2 giant newts (D:1)
  2 jackal skeletons
  12 kobolds
  A quokka zombie (D:7)
  9 rats
299 creatures vanquished.

Notes
Turn   | Place    | Note
-------+----------+-------------------------------------------
     0 | D:1      | George the Minotaur Fighter began the quest for the Orb.
     0 | D:1      | Reached XP level 1. HP: 19/19 MP: 0/0
    62 | D:1      | Reached skill level 3 in Long Blades
    94 | D:1      | Reached XP level 2. HP: 26/26 MP: 1/1
   194 | D:1      | Reached skill level 4 in Long Blades
   285 | D:1      | Reached XP level 3. HP: 28/31 MP: 2/2
   806 | D:2      | Reached skill level 5 in Long Blades
   916 | D:2      | Noticed Terence
   931 | D:2      | Killed Terence
   931 | D:2      | Reached XP level 4. HP: 23/39 MP: 3/3
  1080 | D:2      | Found a sacrificial altar of Ru.
  1110 | D:2      | Found a burning altar of Makhleb.
  1118 | D:2      | Reached skill level 6 in Long Blades
  1226 | D:2      | Noticed Sigmund
  1244 | D:2      | Killed Sigmund
  1244 | D:2      | Reached skill level 7 in Long Blades
  1244 | D:2      | Reached XP level 5. HP: 20/45 MP: 4/4
  1244 | D:2      | Reached XP level 6. HP: 23/51 MP: 5/5
  1512 | D:2      | Found an ancient bone altar of Kikubaaqudgha.
  1513 | D:2      | Noticed Natasha
  1514 | D:2      | Found a blossoming altar of Fedhas.
  1518 | D:2      | Killed Natasha
  1635 | D:2      | Found a sparkling altar of Nemelex Xobeh.
  1637 | D:2      | Found an iron altar of Okawaru.
  1640 | D:2      | Found a shadowy altar of Dithmenos.
  1645 | D:2      | Became a worshipper of Warmaster Okawaru
  1773 | D:3      | Found an oddly glowing altar of Pakellas.
  2114 | D:3      | Reached skill level 8 in Long Blades
  2227 | D:3      | Found a radiant altar of Vehumet.
  2808 | D:4      | Reached skill level 1 in Invocations
  3294 | D:5      | Entered Level 5 of the Dungeon
  3433 | D:5      | Found a staircase to the Ecumenical Temple.
  3440 | Temple   | Entered the Ecumenical Temple
  3592 | D:5      | Noticed Menkaure
  3595 | D:5      | Killed Menkaure
  3595 | D:5      | Reached XP level 7. HP: 45/59 MP: 5/7
  3792 | D:5      | Noticed Edmund
  3816 | D:5      | Killed Edmund
  4074 | D:5      | Reached skill level 5 in Armour
  4293 | D:6      | Reached skill level 5 in Shields
  4408 | D:6      | Reached skill level 5 in Fighting
  4445 | D:6      | Noticed Dowan
  4446 | D:6      | Noticed Duvessa
  4461 | D:6      | Killed Duvessa
  4461 | D:6      | Reached * piety under Okawaru
  4461 | D:6      | Reached XP level 8. HP: 60/68 MP: 7/9
  4467 | D:6      | Killed Dowan
  4856 | D:6      | Reached skill level 9 in Long Blades
  5297 | D:7      | Reached ** piety under Okawaru
  5595 | D:7      | Reached XP level 9. HP: 78/78 MP: 11/11
  6010 | D:8      | Noticed Prince Ribbit
  6016 | D:8      | Killed Prince Ribbit
  6040 | D:8      | Reached *** piety under Okawaru
  6204 | D:8      | Reached skill level 10 in Long Blades
  6698 | D:9      | Reached skill level 5 in Invocations
  6748 | D:9      | Gained mutation: You expend magic power (3 MP) to strengthen your wands. [mutagenic meat]
  6751 | D:9      | Gained mutation: You have large cloven feet. [mutagenic meat]
  6754 | D:9      | Gained mutation: You are partially covered in slimy green scales. (AC +2) [mutagenic meat]
  6757 | D:9      | Gained mutation: You have an increased reservoir of magic. (+10% MP) [mutagenic meat]
  6757 | D:9      | Gained mutation: Your body sometimes deteriorates upon taking damage. [potion of mutation]
  6757 | D:9      | Gained mutation: You are occasionally teleported next to monsters. [potion of mutation]
  6825 | D:9      | Found a runed door.
  7009 | D:9      | Noticed a moth of wrath
  7012 | D:9      | Found a bloodstained altar of Trog.
  7162 | D:9      | Reached **** piety under Okawaru
  7164 | D:9      | Reached XP level 10. HP: 75/88 MP: 14/14
  7233 | D:9      | Found a runed door.
  7244 | D:10     | Entered Level 10 of the Dungeon
  7413 | D:10     | Found a staircase to the Orcish Mines.
  7615 | D:10     | Noticed CypherZel's ghost (journeyman GrFi)
  8725 | D:10     | Killed CypherZel's ghost
  8725 | D:10     | Reached skill level 11 in Long Blades
  9345 | D:10     | Noticed Urug
  9359 | D:10     | Killed Urug
  9359 | D:10     | Reached ***** piety under Okawaru
  9585 | D:11     | Found Ewienio's Jewellery Shop.
  9622 | D:11     | Noticed a purple ugly thing
  9624 | D:11     | Found Vuimmysar's Assorted Antiques.
  9629 | D:11     | Killed a purple ugly thing
  9644 | D:11     | Bought a grey potion for 21 gold pieces
  9649 | D:11     | Found Moang's Antique Armour Shop.
  9776 | D:11     | Reached XP level 11. HP: 97/97 MP: 16/16
  9826 | D:11     | Noticed a hill giant
  9835 | D:11     | Killed a hill giant
  9835 | D:11     | Received a gift from Okawaru
  9852 | D:11     | Got a faintly glowing scimitar {god gift}
  9855 | D:11     | Identified the +2 scimitar "Suggu" {slice, rF- rN+++ MR++ Str+2} (Okawaru gifted it to you on level 11 of the Dungeon)
 10003 | D:11     | Found a blossoming altar of Fedhas.
 10126 | D:11     | Found a staircase to the Lair.
 10507 | D:11     | Bought a steaming plate armour for 672 gold pieces
 10517 | D:11     | Identified the cursed +0 plate armour "Omecsok" {MR+ Int-5 SInv Stlth+} (You bought it in a shop on level 11 of the Dungeon)
 10517 | D:11     | Lost intelligence.
 10691 | D:12     | Noticed a centaur warrior
 10698 | D:12     | Killed a centaur warrior
 10698 | D:12     | Reached skill level 10 in Armour
 10739 | D:12     | Found a basalt altar of Yredelemnul.
 11122 | D:12     | Noticed a white ugly thing
 11129 | D:12     | Killed a white ugly thing
 11129 | D:12     | Reached skill level 12 in Long Blades
 11129 | D:12     | Reached skill level 10 in Shields
 11142 | D:12     | Reached skill level 10 in Fighting
 11267 | D:12     | Noticed a cyan ugly thing
 11267 | D:12     | Noticed a green ugly thing
 11274 | D:12     | Killed a green ugly thing
 11281 | D:12     | Killed a green ugly thing
 11281 | D:12     | Received a gift from Okawaru
 11529 | D:12     | Noticed Sonja
 11545 | D:12     | Killed Sonja
 11995 | D:12     | Identified a +1 rod of ignition (12/12) (You found it on level 12 of the Dungeon)
 12006 | D:12     | Noticed Kirke
 12020 | D:12     | Killed Kirke
 12020 | D:12     | Reached XP level 12. HP: 99/107 MP: 17/19
 12139 | Lair:1   | Entered Level 1 of the Lair of Beasts
 12344 | Lair:1   | Noticed a six-headed hydra
 12354 | Lair:1   | Killed a six-headed hydra
 12354 | Lair:1   | Reached ****** piety under Okawaru
 12941 | Lair:1   | Noticed a five-headed hydra
 12951 | Lair:1   | Killed a five-headed hydra
 13182 | Lair:1   | Noticed removeelyvilon's ghost (journeyman DrIE)
 13399 | Lair:1   | Killed removeelyvilon's ghost
 13696 | Lair:2   | Found a hole to the Spider Nest.
 13744 | Lair:2   | Found a frozen archway.
 13747 | Lair:2   | Reached skill level 13 in Long Blades
 13759 | IceCv    | Entered an ice cave
 13759 | IceCv    | Noticed 100P's ghost (journeyman DsCj)
 13772 | IceCv    | Killed from afar by 100P's ghost

Vault maps used:
D:1:      sevenhm_arrival_forest_fort_small_3, minmay_cut_off
D:2:      grunt_temple_overflow_growth_and_decay, minitemple,
          makhleb_grotto_becter, nicolae_ru_sacrificial_ziggurat, uniq_terence,
          uniq_natasha, uniq_sigmund
D:3:      old_standard_altar, lemuel_coloured_pillars_altar, first_bread,
          serial_undead, serial_undead_d, serial_undead_e, serial_undead_c,
          serial_undead_f
D:5:      minivault_11, due_unseen_surprise, uniq_menkaure, uniq_edmund
D:6:      moated_statue, kennysheep_generic_room_12, uniq_duvessa
D:7:      kennysheep_generic_room_2
D:8:      uniq_prince_ribbit1
D:9:      lemuel_insect_pit, tgw_trog, grunt_livestock,
          hangedman_minor_gate_pass
D:10:     david_orc_3, uniq_urug
D:11:     david_lair_generic, serial_shops, nicolae_shop_waterfront,
          nicolae_shop_trees, nicolae_shop_window_shopping, fedhas_altar_4
D:12:     lemuel_hellish_altar, uniq_kirke, uniq_sonja
Temple:   nicolae_temple_god_jail
Lair:1:   lemuel_fruit_fields, lemuel_fruit_tree
Lair:2:   spider_nest_entry_a, portal_ice_cave_demonic_guard,
          forest_entry_grove, uniq_fannar
IceCv:    ice_cave_statue_garden_teleport

Skill      XL: |  1  2  3  4  5  6  7  8  9 10 11 12 |
---------------+-------------------------------------+-----
Long Blades    | 3 4 5 7 8 9 10 11 12 13 | 13.0
Invocations    | 1 2 4 5 7 8 9 |  9.1
Armour         | 4 5 6 8 9 10 11 | 11.3
Shields        | 4 5 6 7 9 10 11 | 11.3
Fighting       | 4 5 6 7 9 10 11 | 11.2

Action                   |  1- 3 |  4- 6 |  7- 9 | 10-12 || total
-------------------------+-------+-------+-------+-------++-------
Melee: Long sword        |   116 |   106 |   322 |   172 ||   716
       Headbutt          |    15 |    16 |    82 |   112 ||   225
       Double sword      |       |       |       |   283 ||   283
       Rapier            |       |       |       |     9 ||     9
Invok: Heroism           |       |       |       |     2 ||     2
       Finesse           |       |       |       |     1 ||     1
Evoke: Wand              |       |       |     2 |       ||     2
  Use: Scroll            |       |       |    20 |    16 ||    36
       Potion            |       |       |     1 |     3 ||     4
  Eat: Chunk             |       |     8 |    18 |    17 ||    43
       Fruit             |       |       |       |     2 ||     2
       Royal jelly       |       |       |       |     1 ||     1
Armor: Scale mail        |    50 |     1 |       |       ||    51
       Chain mail        |       |    35 |       |       ||    35
       Plate armour      |       |       |   125 |   111 ||   236
       Crystal plate arm |       |       |       |    90 ||    90
Dodge: Dodged            |    32 |    11 |    36 |    67 ||   146
Block: Shield            |    56 |    37 |   122 |   265 ||   480
